 Dungeon Crawl Stone Soup version 0.27.0-65-ge2af304b15 (console) character file.

Game seed: 15656871636678930596

12 Banquo the Magician (level 2, -1/23 HPs)
             Began as a Djinni Warper on Aug 18, 2021.
             Slain by a jackal (3 damage)
             ... on level 1 of the Dungeon.
             The game lasted 00:01:04 (518 turns).

Banquo the Magician (Djinni Warper)                  Turns: 518, Time: 00:01:04

Health: -1/23      AC:  3    Str: 10    XL:     2   Next: 45%
Gold:   0          EV: 11    Int: 14    God:
                   SH:  0    Dex: 12

rFire    + + .     SeeInvis .   a - +0 falchion
rCold    x . .     Faith    .   (no shield)
rNeg     . . .     Spirit   .   b - +0 leather armour
rPois    ∞         Reflect  .   (no helmet)
rElec    .         Harm     .   (no cloak)
rCorr    .         Rampage  .   (no gloves)
Will     .....                  (boots unavailable)
Stlth    +.........             (no amulet)
HPRegen  0.07/turn              (no ring)
MPRegen  0.00/turn              (no ring)

@: flying
A: sickness immunity, fire resistance 2, cold vulnerability 1, float, innate
caster, hp casting, extra vitality 1
a: no special abilities


You were on level 1 of the Dungeon.
You visited 1 branch of the dungeon, and saw 1 of its levels.

Inventory:

Hand Weapons
 a - a +0 falchion (weapon)
Missiles
 d - 5 boomerangs of dispersal (quivered)
 f - 22 stones
Armour
 b - a +0 leather armour (worn)
Scrolls
 c - 2 scrolls of blinking
 e - a scroll of enchant armour {unknown}


   Skills:
 * Level 2.2 Fighting
 * Level 2.1 Long Blades
 - Level 0.7 Throwing
 - Level 1.0 Armour
 - Level 2.1 Dodging
 + Level 2.6 Spellcasting


You couldn't memorise any spells.
You knew the following spells:

 Your Spells              Type           Power      Damage    Failure   Level
a - Blink                 Tloc           N/A        N/A       16%         2
b - Lesser Beckoning      Tloc           4%         N/A       30%         3
c - Gell's Gravitas       Tloc           4%         N/A       30%         3
d - Teleport Other        Tloc           9%         N/A       30%         3
e - Manifold Assault      Tloc           9%         N/A       95%         5
Your spell library was empty.

Dungeon Overview and Level Annotations

Branches:
Dungeon (1/15)

Altars:


Innate Abilities, Weirdness & Mutations

You are immune to sickness and miasma.
You are immune to poison.
Your flesh is very heat resistant. (rF++)
You are vulnerable to cold. (rC-)
You float through the air rather than walking.
You learn spells naturally, not from books.
Your magical power is your life essence.
You have superior vitality. (+4 HP)


Message History

The jackal barely misses you.
You hit the jackal.
The jackal is severely wounded.
The jackal closely misses you.
You riposte.
You closely miss the jackal.
The jackal bites you but does no damage.
You barely miss the jackal.
The jackal is severely wounded.
The jackal barely misses you. The jackal bites you. x2
The jackal barely misses you.
You closely miss the jackal.
The jackal is severely wounded.
The jackal closely misses you. The jackal bites you. x3
You are too injured to fight recklessly!
You are too injured to fight recklessly!
You are too injured to fight recklessly!
You are too injured to fight recklessly!
You closely miss the jackal. The jackal bites you. x2
* * * LOW HITPOINT WARNING * * *
You closely miss the jackal. The jackal bites you.
* * * LOW HITPOINT WARNING * * *
The jackal closely misses you.
You riposte.
You closely miss the jackal.
The jackal is severely wounded.
The jackal bites you.
* * * LOW HITPOINT WARNING * * *
The jackal barely misses you.
You hit the jackal but do no damage. The jackal bites you.
* * * LOW HITPOINT WARNING * * *
The jackal bites you but does no damage.
The jackal barely misses you.
You riposte.
You closely miss the jackal.
The jackal is severely wounded.
The jackal misses you.
Unknown command.
You closely miss the jackal. The jackal misses you.
The jackal bites you but does no damage.
You hit the jackal but do no damage.
The jackal bites you but does no damage.
The jackal misses you.
The jackal bites you but does no damage.
The jackal bites you.
You die...

..... #.# ##.# .....## #.##
#...#........ ....... #..
.....#......g. ....... ..#
#....#........
#......##.####....#...)....
#......h..##......#........
#.........##.#...##........
#.......h.#@...........)...
#....?....hh#....#..########
##...####..##....##.........
..## #..#......#......... .
...##..##..##........
....#..## #..#........
......#..####..#........
......##..##..##g.######
.......#......#..##


You could see 2 jackals.

Vanquished Creatures
  An endoplasm (D:1)
  A giant cockroach (D:1)
  A goblin (D:1)
  4 hobgoblins (D:1)
  A jackal (D:1)
  A ball python (D:1)
  A rat (D:1)
10 creatures vanquished.

Notes
Turn   | Place    | Note
-------+----------+-------------------------------------------
     0 | D:1      | Banquo the Djinni Warper began the quest for the Orb.
     0 | D:1      | Reached XP level 1. HP: 18/18 MP: 0/0
    66 | D:1      | Reached XP level 2. HP: 11/23 MP: 0/0
   518 | D:1      | Slain by a jackal

Illustrated notes

Levels and vault maps discovered:
D:1:      dpeg_arrival_tiny_d, layout_basic, minmay_misc_feat_iff,
          hangedman_decor_peaks_small

Skill      XL: |  1  2 |
---------------+-------+-----
Long Blades    | 2 |  2.1
Fighting       | |  2.2
Throwing       | |  0.7
Armour         | |  1.0
Dodging        | |  2.1
Spellcasting   | |  2.6

Action                   || total
-------------------------++-------
Melee: Falchion          ||    37
Armor: Leather armour    ||     9
Dodge: Dodged            ||    29
       Rpst.: Falchion   ||     7
